AoeStats
← Mr Diniz

African Clearing

510545719Analyzed
4v4 RM · 2d ago on Oct 1, 2026· 28m 24s· 8 players
Game mode
Random Map
Map size
Large (8 player)
Population
200
Speed
Normal
Resources
Standard
Victory
Conquest
Starting age
Dark Age
Ending age
Imperial Age
RankedLock teamsTeams togetherTeam positionsShared explorationLock speedFull tech treeHidden civsTurbo modeCheats
Victory
Defeat
🇧🇷 Maya · Brazil
1522
+15
🇨🇴 Mongols · Colombia
1516
+15
🇲🇴 Italians · Macao SAR China
1453
+17
🇹🇼 Berbers · Taiwan
1453
+18
🇺🇸 Burgundians · United States
1511
-17
🇺🇸 Spanish · United States
1502
-17
🇭🇰 Goths · Hong Kong SAR China
1477
-16
🇮🇶 Mongols · Iraq
1473
-15
K-1000
9:18 Double-Bit Axe
9:42 Loom
15:30 Feudal Age
17:14 Bow Saw
17:37 Fishing Lines
22:16 Castle Age
21:55 Stone Mining
21:56 Gold Mining
22:14 Gillnets
24:24 Wheelbarrow
25:04 Town Watch
26:27 Hand Cart
28:07 Fletching
LuisDaniel123
8:47 Loom
13:26 Feudal Age
14:53 Double-Bit Axe
17:25 Castle Age
15:50 Horse Collar
18:26 Bow Saw
23:06 Padded Archer Armor
26:00 Wheelbarrow
27:51 Leather Archer Armor
Blue Sky
6:20 Loom
12:38 Feudal Age
13:25 Double-Bit Axe
17:13 Horse Collar
25:41 Scale Barding Armor
25:47 Forging
25:59 Bloodlines
survivorsteven
4:06 Loom
14:38 Feudal Age
19:38 Castle Age
17:56 Double-Bit Axe
18:46 Gold Mining
20:58 Horse Collar
21:46 Scale Mail Armor
24:44 Town Watch
26:24 Squires
sebas0995932
4:33 Loom
13:27 Feudal Age
17:21 Castle Age
15:41 Double-Bit Axe
17:40 Fletching
18:16 Bodkin Arrow
19:47 Padded Archer Armor
22:01 Ballistics
Miru
4:13 Loom
13:48 Feudal Age
17:33 Castle Age
16:35 Double-Bit Axe
16:33 Horse Collar
18:09 Scale Barding Armor
19:08 Scale Barding Armor
23:40 Gold Mining
24:55 Bow Saw
jimmy211211
3:37 Loom
13:47 Feudal Age
17:58 Castle Age
Mr Diniz
8:33 Loom
13:21 Feudal Age
16:57 Castle Age
14:53 Double-Bit Axe
18:13 Bow Saw
19:09 Horse Collar
24:56 Wheelbarrow
24:42 Town Watch
27:26 Gold Mining
27:42 Fletching
28:32 Stone Mining
Connection lost

Rejoining the realm…

Still unreachable

The connection could not be restored.

Session expired

The server has moved on; the page needs a fresh start.